 Dungeon Crawl Stone Soup version 0.23.2 (webtiles) character file.

Game seed: 17111658858548761491

15 Leeroy the Digger (level 2, 0/19 HPs)
             Began as a Formicid Earth Elementalist on Apr 12, 2019.
             Slain by a jackal (2 damage)
             ... on level 1 of the Dungeon.
             The game lasted 00:01:13 (246 turns).

Leeroy the Digger (Formicid Earth Elementalist)      Turns: 246, Time: 00:01:14

Health: 0/19       AC:  2    Str: 12    XL:     2   Next: 65%
Magic:  0/5        EV: 12    Int: 14    God:
Gold:   56         SH:  0    Dex: 11    Spells: 2/5 levels left

rFire    . . .     SeeInvis +   (no weapon)
rCold    . . .     Gourm    .   (no shield)
rNeg     . . .     Faith    .   c - +0 robe
rPois    .         Spirit   .   (helmet unavailable)
rElec    .         Reflect  .   (no cloak)
rCorr    .         Harm     .   (no gloves)
MR       .....                  (no boots)
Stlth    ++........             (no amulet)
HPRegen  0.06/turn              (no ring)
MPRegen  0.09/turn              (no ring)

@: very slightly contaminated
A: permanent stasis, dig shafts and tunnels, four strong arms, antennae 3
a: Dig, Shaft Self


You were on level 1 of the Dungeon.
You were not hungry.

You visited 1 branch of the dungeon, and saw 1 of its levels.

You collected 56 gold pieces.

Inventory:

Missiles
 b - 81 stones (quivered)
Armour
 c - a +0 robe (worn)
 j - a +0 scale mail
Scrolls
 a - 2 scrolls of identify {unknown}
 g - 2 scrolls of teleportation {unknown}
 i - a scroll of enchant weapon {unknown}
Potions
 e - a potion of brilliance {unknown}
 h - a potion of curing {unknown}
 k - a potion of flight {unknown}
Comestibles
 d - a ration
 f - 3 chunks of flesh


   Skills:
 - Level 1.8 Dodging
 - Level 2.4 Stealth
 - Level 2.2 Spellcasting
 + Level 1.1 Transmutations
 + Level 4.5 Earth Magic


You had 2 spell levels left.
You knew the following spells:

 Your Spells              Type           Power        Failure   Level  Hunger
a - Sandblast             Erth           ##....       3%          1    #......
b - Passwall              Tmut/Erth      #.......     11%         2    ###....

Your spell library contained the following spells:

 Spells                   Type           Power        Failure   Level  Hunger
 Stone Arrow              Conj/Erth      #.....       28%         3    ###....
 Petrify                  Tmut/Erth      #.......     58%         4    #####..
 Lee's Rapid Deconstruct  Erth           ##........   71%         5    ######.


Dungeon Overview and Level Annotations

Branches:
Dungeon (1/15)

Altars:


Innate Abilities, Weirdness & Mutations

You cannot be hasted, slowed, berserked, paralysed or teleported.
You can dig through walls and to a lower floor.
Your four strong arms can wield two-handed weapons with a shield.
You have a pair of large antennae on your head. (SInv)


Message History

b - 82 stones
Casting: Sandblast (safe; 3% risk of failure)
Confirm with . or Enter, or press ? or * to list all spells.
Aiming: Sandblast (safe; 3% risk of failure)
Press: ? - help, Shift-Dir - straight line, f/p - jackal
Aim: a jackal The blast of sand misses the jackal.
b - 81 stones The jackal closely misses you.
Casting: Sandblast (safe; 3% risk of failure)
Confirm with . or Enter, or press ? or * to list all spells.
Aiming: Sandblast (safe; 3% risk of failure)
Press: ? - help, Shift-Dir - straight line, f/p - jackal
Aim: a jackal You miscast Sandblast.
You are very lightly contaminated with residual magic.
Nothing appears to happen.
The jackal bites you.
* * * LOW HITPOINT WARNING * * *
The jackal bites you.
You die...

#.########### # ###.##...
###'###########.#...........
#..>...............###.##†..
#....######.................
#....# #.######..##......
#....# #.#######.##......
#....# #.................
#.)..# #..######.##....#.
#....# #@.........#......
#....# #h#######..#......
###....# #..†.......#.#+#..
#......# #########....#. ..
#......# #....#.... #...####
###...>###.# #...#
#....##..... #...#
#.#.##...##' #...#
########.#....###..


You could see a jackal.

Vanquished Creatures
  An ooze (D:1)
  2 leopard geckos (D:1)
  A goblin (D:1)
  A jackal (D:1)
  A bat (D:1)
  A frilled lizard (D:1)
  A kobold (D:1)
  2 rats (D:1)
10 creatures vanquished.

Notes
Turn   | Place    | Note
-------+----------+-------------------------------------------
     0 | D:1      | Leeroy the Formicid Earth Elementalist began the quest for
                  | the Orb.
     0 | D:1      | Reached XP level 1. HP: 13/13 MP: 3/3
   107 | D:1      | Reached skill level 4 in Earth Magic
   115 | D:1      | Reached XP level 2. HP: 19/19 MP: 1/5
   122 | D:1      | Learned a level 2 spell: Passwall
   246 | D:1      | Slain by a jackal

Skill      XL: |  1 |
---------------+----+-----
Earth Magic    | 4 |  4.5
Dodging        | |  1.8
Stealth        | |  2.4
Spellcasting   | |  2.2
Transmutations | |  1.1

Action                   || total
-------------------------++-------
Melee: Unarmed           ||    11
 Cast: Sandblast         ||    14
Armor: Robe              ||     2
Dodge: Dodged            ||     5
